 Dungeon Crawl Stone Soup version 0.16-a0-1009-g0339a9e (webtiles) character file.

51 Qrupt the Magician (level 3, -1/21 HPs)
             Began as a High Elf Wizard on Oct 3, 2014.
             Shot with an arrow of flame by a centaur (4 damage)
             ... on Level 3 of the Dungeon.
             The game lasted 00:04:57 (1830 turns).

Qrupt the Magician (High Elf Wizard)                Turns: 1830, Time: 00:04:57

HP  -1/21        AC  3     Str  6      XL: 3   Next: 58%
MP  11/11        EV 12     Int 23      God:
Gold 151         SH  0     Dex 13      Spells:  3 memorised,  5 levels left

rFire  . . .     SeeInvis .     i - +0 club
rCold  . . .     Clarity  .     a - +0 robe
rNeg   . . .     rCorr    .     (no shield)
rPois  .         rRot     .     m - +0 helmet
rElec  .         Spirit   .     (no cloak)
SustAb .         Warding  .     (no gloves)
rMut   .         Stasis   .     (no boots)
Gourm  .                        (no amulet)
MR     .....                    (no ring)
                                (no ring)

@: not resistant to hostile enchantments, unstealthy
A: no striking features
a: no special abilities


You were on level 3 of the Dungeon.
You were hungry.

You visited 1 branch of the dungeon, and saw 3 of its levels.

You collected 151 gold pieces.

Inventory:

Hand weapons
 i - a +0 club (weapon)
Missiles
 k - 3 tomahawks (quivered)
Armour
 a - a +0 robe (worn)
 m - a +0 helmet (worn)
Comestibles
 d - 5 bread rations
 g - a slice of pizza
Scrolls
 b - a scroll of amnesia {unknown}
 f - 2 scrolls of identify {unknown}
 h - a scroll of remove curse {unknown}
 l - a scroll of blinking {unknown}
Potions
 e - a potion of brilliance {unknown}
 j - a potion of heal wounds {unknown}
 n - a potion of degeneration {unknown}
 o - a potion of haste {unknown}
Books
 c - a book of Minor Magic

   Spells                             Type                      Level
   *Magic Dart                        Conjuration                  1
   *Blink                             Translocation                2
   *Call Imp                          Summoning                    2
   Repel Missiles                     Charms/Air                   2
   Slow                               Hexes                        2
   Conjure Flame                      Conjuration/Fire             3
   Mephitic Cloud                     Conjuration/Poison/Air       3


   Skills:
 - Level 2.1 Dodging
 - Level 2.1 Stealth
 - Level 4.3 Spellcasting
 - Level 2.0 Conjurations
 - Level 0.8 Summonings
 + Level 2.5 Translocations


You had 5 spell levels left.
You knew the following spells:

 Your Spells              Type           Power        Failure   Level  Hunger
a - Magic Dart            Conj           ##..         4%          1    None
b - Blink                 Tloc           N/A          6%          2    None
c - Call Imp              Summ           #.......     14%         2    None


Dungeon Overview and Level Annotations

Branches:
Dungeon (3/15)

Altars:


Message History

o - a bubbling orange potion Done exploring.
Done exploring.
There is a stone staircase leading down here.
You climb downwards.
Found 6 gold pieces.
There is a stone staircase leading up here.
Found a spear.
You now have 151 gold pieces (gained 6).
Found 23 stones.
A centaur comes into view.
The centaur wields a shortbow.
The centaur shoots an arrow of flame.
The arrow of flame hits you! The arrow of flame burns you.
Drink which item? (? for menu, Esc to quit)
Okay, then.
The centaur shoots an arrow of flame.
The arrow of flame misses you.
The centaur shoots an arrow of flame.
The arrow of flame hits you!
* * * LOW HITPOINT WARNING * * *
The arrow of flame burns you.
You die...

+# .## #######..#
#......c.#
########......#...
#...........@.#
#.............#
#)............#
#.............#
#........######
#........#
#........#
#........#
#...(....#


You could see a centaur.

Vanquished Creatures
  2 adders (D:2)
  A ball python (D:2)
  A giant cockroach (D:1)
  8 hobgoblins
  3 jackals (D:1)
  A quokka (D:2)
  2 bats (D:2)
  2 goblins
  7 kobolds
  5 rats (D:1)
  4 toadstools (D:1)
36 creatures vanquished.

Vanquished Creatures (others)
  3 toadstools (D:1)
3 creatures vanquished.

Grand Total: 39 creatures vanquished

Notes
Turn   | Place    | Note
--------------------------------------------------------------
     0 | D:1      | Qrupt, the High Elf Wizard, began the quest for the Orb.
     0 | D:1      | Reached XP level 1. HP: 11/11 MP: 5/5
   430 | D:1      | Reached skill level 4 in Spellcasting
   515 | D:1      | Reached XP level 2. HP: 17/17 MP: 5/8
  1052 | D:2      | Learned a level 2 spell: Blink
  1055 | D:2      | Learned a level 2 spell: Call Imp
  1092 | D:2      | Reached XP level 3. HP: 21/21 MP: 2/11
  1827 | D:3      | Noticed a centaur
  1830 | D:3      | Shot with an arrow of flame by a centaur

Action                   || total
-------------------------++-------
Melee: Unarmed           ||    11
       Club              ||    11
 Cast: Magic Dart        ||    77
  Eat: Chunk             ||     2
